 Dungeon Crawl Stone Soup version 0.30-a0-1050-g2766ea1e55 (webtiles) character file.

Game seed: 5287978360457595031

1779 Lavandula the Basher (level 8, -1/62 HPs)
             Began as a Demonspawn Gladiator on Apr 10, 2023.
             Slain by Pikel
             ... wielding a +1 whip of flaming
              (6 damage)
             ... on level 7 of the Dungeon on Apr 11, 2023.
             The game lasted 00:08:11 (4986 turns).

Lavandula the Basher (Demonspawn Gladiator)         Turns: 4986, Time: 00:08:11

Health: -1/62      AC: 14    Str: 16    XL:     8   Next: 81%
Magic:  0/8        EV: 11    Int: 11    God:
Gold:   398        SH:  0    Dex: 14    Spells: 6/7 levels left

rFire   . . .      SeeInvis .    i - +9 great mace "Boywafoi" {freeze, rN++}
rCold   . . .      Faith    .    (shield currently unavailable)
rNeg    + + .      Spirit   +    n - +4 ring mail {Will+}
rPois   .          Reflect  .    c - +0 helmet
rElec   .          Rampage  .    C - +0 cloak
rCorr   .                        b - +1 pair of gloves
Will    +....                    (no boots)
Stlth   +                        m - amulet of guardian spirit
HPRegen 0.30/turn                J - +4 ring of slaying
MPRegen 0.11/turn                (no ring)

@: no status effects
A: hooves 2, rugged brown scales 1, powered by pain 1
a: no special abilities


You were on level 7 of the Dungeon.
You visited 1 branch of the dungeon, and saw 7 of its levels.

You collected 398 gold pieces.

Inventory:

Hand Weapons
 a - a +0 long sword
 f - a +2 sling of freezing
 i - the +9 great mace "Boywafoi" (weapon) {freeze, rN++}
   (You acquired it on level 3 of the Dungeon)

   rN:        It greatly protects you from negative energy.
Missiles
 d - 3 throwing nets (quivered)
 e - a javelin
 j - 11 poisoned darts
 k - 30 stones
 x - 9 boomerangs
Armour
 b - a +1 pair of gloves (worn)
 c - a +0 helmet (worn)
 n - a +4 ring mail of willpower (worn)
 C - a +0 cloak (worn)
Jewellery
 m - an amulet of guardian spirit (around neck)
 J - a +4 ring of slaying (left hand)
Wands
 A - a wand of paralysis (6)
 E - a wand of iceblast (12)
 G - a wand of flame (17)
Scrolls
 l - a scroll of amnesia {unknown}
 o - 4 scrolls of teleportation {unknown}
 p - a scroll of immolation {unknown}
 q - 5 scrolls of vulnerability {unknown}
 r - 4 scrolls of poison {unknown}
 v - a scroll of fog {unknown}
 w - 2 scrolls of enchant armour {unknown}
 y - 2 scrolls of enchant weapon {unknown}
 D - a scroll of blinking {unknown}
 I - a scroll of silence {unknown}
 K - a scroll of identify
Potions
 g - 4 potions of ambrosia
 h - a potion of degeneration {unknown}
 s - 4 potions of brilliance
 t - a potion of haste {unknown}
 u - 3 potions of curing
 z - 2 potions of lignification
 B - 2 potions of heal wounds {unknown}
 F - a potion of mutation {unknown}
 H - a potion of cancellation {unknown}


   Skills:
 + Level 4.7 Fighting
 - Level 2.8 Long Blades
 + Level 9.2 Maces & Flails
 - Level 2.3 Ranged Weapons
 - Level 1.7 Throwing
 - Level 2.6 Dodging


You had 6 spell levels left.
You knew the following spells:

 Your Spells              Type           Power      Damage    Failure   Level
a - Apportation           Tloc           0%         N/A       56%         1

Your spell library contained the following spells:

 Spells                   Type           Power      Damage    Failure   Level
 Magic Dart               Conj           0%         1d3       56%         1
 Call Imp                 Summ           0%         N/A       71%         2
 Gell's Gravitas          Tloc           0%         N/A       90%         3
 Mephitic Cloud           Conj/Pois/Air  0%         N/A       90%         3
 Teleport Other           Tloc           0%         N/A       90%         3
 Alistair's Intoxication  Tmut/Pois      0%         N/A       100%        5
 Dispersal                Tloc           0%         N/A       100%        6


Dungeon Overview and Level Annotations

Branches:
Dungeon (7/15)
 Temple: D:4-7

Altars:
Gozag
Nemelex Xobeh
Qazlal
Sif Muna
Vehumet

Annotations:
D:4 1 runed translucent door, Crazy Yiuf
D:7 Pikel


Innate Abilities, Weirdness & Mutations

You have hoof-like feet.
You are partially covered in rugged brown scales. (AC +1, +3% HP)
You sometimes gain a little power by taking damage.


Message History

Pikel is moderately wounded.
Pikel hits you with a +1 whip of flaming.
Pikel burns you.
A cyclops comes into view.
The lemure hits you but does no damage.
You sock Pikel! You freeze Pikel.
Pikel is heavily wounded.
Pikel closely misses you.
Pikel hits you with a +1 whip of flaming.
Pikel burns you. The lemure hits you but does no damage.
You bludgeon Pikel!! You freeze Pikel.
Pikel is almost dead.
Pikel barely misses you.
An orc comes into view. It is wielding a +0 hand axe.
The lemure hits you but does no damage.
Pikel hits you with a +1 whip of flaming!
Pikel burns you.
You closely miss Pikel.
The orc shouts!
Your kick misses Pikel.
Pikel is almost dead.
Pikel hits you with a +1 whip of flaming!
Pikel burns you.
* * * LOW HITPOINT WARNING * * *
An orc comes into view. It is wielding a +0 hand axe.
The lemure hits you but does no damage.
Pikel hits you with a +1 whip of flaming.
* * * LOW HITPOINT WARNING * * *
Pikel burns you.
* * * LOW HITPOINT WARNING * * *
The lemure barely misses you.
Unknown command.
Okay, then.
Unknown command.
You closely miss Pikel.
Pikel is almost dead.
Pikel hits you with a +1 whip of flaming!
* * * LOW HITPOINT WARNING * * *
Pikel burns you.
You die...

# #.....# #..####.
#. #....## #..##..
#.# ##.....##
#.....# #..#
##..###..###†...##
#...##..##
##......#.#
#......##
##..####..#
#..!..## #.## ##.#
#.....## #.# ..
#####.@# ..# ..
##K5# ...# ..
##5o. ..#.. .
5..#####. ..C# #
>#o# ##o. #.#


You could see a cyclops, Pikel (berserk), 3 lemures and 3 orcs.

Vanquished Creatures
  Sigmund (D:5)
  Menkaure (D:5)
  A water moccasin (D:6)
  Duvessa (D:6)
  An ice beast (D:6)
  A sky beast (D:6)
  2 ogres (D:5)
  2 black bears
  A phantom (D:4)
  A lemure (D:7)
  2 scorpions
  Dowan (D:6)
  A jelly (D:5)
  5 hounds
  A sleepcap (D:6)
  3 iguanas
  13 adders
  3 shadow imps
  A white imp (D:5)
  An ufetubus (D:5)
  A worm (D:5)
  3 dart slugs
  11 orcs
  6 ball pythons
  10 endoplasms
  4 hobgoblins
  6 kobolds
  4 quokkas
  2 bats
  6 frilled lizards
  8 goblins
  5 rats
109 creatures vanquished.

Notes
Turn   | Place    | Note
-------+----------+-------------------------------------------
     0 | D:1      | Lavandula the Demonspawn Gladiator began the quest for the
                  | Orb.
     0 | D:1      | Reached XP level 1. HP: 16/16 MP: 1/1
   159 | D:1      | Found a faded altar of an unknown god.
   308 | D:1      | Gained mutation: You have large cloven feet. [demonic
                  | ancestry]
   308 | D:1      | Reached XP level 2. HP: 23/23 MP: 2/2
   608 | D:1      | Reached XP level 3. HP: 29/29 MP: 3/3
  1538 | D:2      | Reached skill level 1 in Ranged Weapons
  2014 | D:3      | Gained mutation: You have hoof-like feet. [demonic
                  | ancestry]
  2014 | D:3      | Reached XP level 4. HP: 35/35 MP: 4/4
  2325 | D:3      | Identified a scroll of acquirement
  2328 | D:3      | Acquired the +9 great mace "Boywafoi" {freeze, rN++}
  2431 | D:4      | Reached skill level 1 in Maces & Flails
  2466 | D:4      | Noticed a phantom
  2470 | D:4      | Killed a phantom
  2471 | D:4      | Reached skill level 2 in Maces & Flails
  2471 | D:4      | Gained mutation: You sometimes gain a little power by
                  | taking damage. [demonic ancestry]
  2471 | D:4      | Reached XP level 5. HP: 41/41 MP: 5/5
  2491 | D:4      | Reached skill level 3 in Maces & Flails
  2568 | D:4      | Found a stormy altar of Qazlal.
  2581 | D:4      | Reached XP level 6. HP: 47/47 MP: 6/6
  2626 | D:4      | Found a sparkling altar of Nemelex Xobeh.
  2627 | D:4      | Found an opulent altar of Gozag.
  2778 | D:4      | Found a runed translucent door.
  2779 | D:4      | Noticed Crazy Yiuf
  2912 | D:4      | Found a radiant altar of Vehumet.
  3033 | D:5      | Entered Level 5 of the Dungeon
  3033 | D:5      | Noticed Sigmund
  3078 | D:5      | Reached skill level 4 in Maces & Flails
  3164 | D:5      | Reached skill level 5 in Maces & Flails
  3183 | D:5      | Reached XP level 7. HP: 52/52 MP: 7/7
  3233 | D:5      | Noticed Menkaure
  3239 | D:5      | Killed Menkaure
  3240 | D:5      | Reached skill level 6 in Maces & Flails
  3516 | D:5      | Killed Sigmund
  3517 | D:5      | Reached skill level 7 in Maces & Flails
  3779 | D:6      | Gained mutation: You are partially covered in rugged brown
                  | scales. (AC +1, +3% HP) [demonic ancestry]
  3779 | D:6      | Reached XP level 8. HP: 34/61 MP: 5/8
  4118 | D:6      | Reached skill level 8 in Maces & Flails
  4177 | D:6      | Found a shimmering blue altar of Sif Muna.
  4337 | D:6      | Learned a level 1 spell: Apportation
  4401 | D:6      | Noticed Duvessa
  4401 | D:6      | Noticed Dowan
  4407 | D:6      | Killed Duvessa
  4408 | D:6      | Killed Dowan
  4911 | D:7      | Reached skill level 9 in Maces & Flails
  4973 | D:7      | Noticed Pikel
  4982 | D:7      | Noticed a cyclops
  4986 | D:7      | Slain by Pikel

Illustrated notes

Levels and vault maps discovered:
D:1:      dpeg_arrival_rooms_b, layout_loops_ring,
          dilly_ecumenical_altar_fadedgnrine, chequers_serial_rivers_micro_b,
          grunt_decor_junction, minmay_box_of_dots
D:2:      layout_basic, minmay_tall_x
D:3:      layout_basic
D:4:      layout_cave_pools, grunt_temple_overflow_opulence,
          grunt_temple_overflow_diamond, grunt_qazlal_clouds,
          uniq_crazy_yiuf_cottage
D:5:      layout_cave_pools, uniq_sigmund, uniq_menkaure
D:6:      layout_basic, lemuel_doored_altar, corner_web_ring,
          nicolae_half_adder, uniq_duvessa
D:7:      layout_layer_cave, minmay_temple_entry_purple_smoke, uniq_pikel

Skill      XL: |  1  2  3  4  5  6  7  8 |
---------------+-------------------------+-----
Fighting       | 3 4 |  4.7
Ranged Weapons | 1 2 |  2.3
Maces & Flails | 2 3 5 7 9 |  9.2
Long Blades    | |  2.8
Throwing       | |  1.7
Dodging        | |  2.6

Action                     |  1- 3 |  4- 6 |  7- 9 || total
---------------------------+-------+-------+-------++-------
  Melee: Long sword        |    43 |       |       ||    43
         Kick              |     3 |     6 |    18 ||    27
         Great mace        |       |    33 |    86 ||   119
   Fire: Sling             |    82 |    17 |       ||    99
  Evoke: Wand              |       |       |     1 ||     1
    Use: Scroll            |       |     4 |     2 ||     6
 Armour: Leather armour    |     8 |       |       ||     8
         Ring mail         |    17 |    21 |    55 ||    93
  Dodge: Dodged            |    38 |    25 |    52 ||   115

Table legend: (Time is in decaauts)
 A = Elapsed time spent in this place.
 B = Non-inter-level travel time spent in this place.
 C = Inter-level travel time spent in this place.
 D = Time resting spent in this place.
 E = Time spent auto-exploring this place.
 F = Levels seen in this place.
 G = Mean time per level.
                   A        B        C        D        E       F      G
               +--------+--------+--------+--------+--------+-----+--------+
         Total |   5072 |   4798 |    274 |     36 |   4003 |   7 |  724.6 |
       Dungeon |   5072 |   4798 |    274 |     36 |   4003 |   7 |  724.6 |
               +--------+--------+--------+--------+--------+-----+--------+

Top non-repeatable levels by time:
     D:6: 1130 daAuts
     D:1: 966 daAuts
     D:2: 873 daAuts
     D:5: 702 daAuts
     D:4: 653 daAuts
     D:3: 629 daAuts
     D:7: 115 daAuts
